Map: Orbital Shipyard

Players

tizzle - Winner!

  • Race: Terran Terran
  • League: Gold

LilDicky

  • Race: Terran Terran
  • League: Diamond

VOD

http://www.twitch.tv/tumescentpie

Description

Time

  • Played on: Dec. 24, 2015, 9:20 p.m.
  • Length: 30:39
Show
View Real Time Build Order
Export as new Build Order

tizzle Terran - Winner!

Build Orders: Bio Tank, MMM Bio 

Get SALT Encoding   

  12  0:01  SCV  
  13  0:13  SCV  
  14  0:19  Supply Depot  
  14  0:25  SCV  
  15  0:40  SCV  
  16  0:43  Barracks  
  16  0:52  SCV  
  17  1:02  Barracks  
  17  1:05  SCV  
  18  1:13  Refinery  
  18  1:17  SCV  
  19  1:32  Marine, Orbital Command  
  20  1:43  Supply Depot  
  20  1:49  Marine  
  21  1:54  Marine  
  22  2:01  SCV  
  23  2:14  Command Center, Marine  
  24  2:20  Marine  
  25  2:25  Supply Depot  
  25  2:33  Marine  
  25  2:35  SCV  
  27  2:40  Refinery, Marine  
  28  2:49  SCV  
  28  2:51  Marine  
  29  2:53  Factory  
  29  2:58  Marine  
  31  3:02  SCV  
  32  3:09  Marine  
  33  3:15  Engineering Bay, Marine  
  33  3:16  SCV  
  35  3:27  Supply Depot, SCV  
  35  3:34  Barracks Tech Lab, Marine  
  37  3:43  Missile Turret  
  37  3:44  Missile Turret  
  37  3:47  SCV  
  38  3:50  Orbital Command  
  38  3:57  Missile Turret  
  38  4:02  Missile Turret  
  38  4:04  SCV  
  38  4:09  Stimpack  
  39  4:13  Barracks Reactor  
  39  4:16  SCV  
  40  4:29  Factory Reactor, Starport  
  40  4:32  Marine  
  40  4:34  SCV x2  
  40  4:38  Terran Infantry Weapons Level 1  
  43  4:48  SCV x2  
  45  4:57  Missile Turret  
  45  4:58  Missile Turret  
  45  5:00  SCV x2  
  45  5:02  Missile Turret  
  45  5:03  Missile Turret  
  45  5:04  Marine x2  
  49  5:13  Marine  
  50  5:17  Factory Tech Lab  
  50  5:19  Barracks  
  50  5:20  Barracks  
  50  5:26  SCV x2  
  52  5:32  Medivac x2  
  56  5:39  Siege Tank  
  56  5:41  SCV x2  
  61  5:46  Missile Turret  
  61  5:51  Missile Turret, Marine  
  62  5:59  Missile Turret  
  62  6:04  Supply Depot  
  62  6:06  Supply Depot  
  62  6:19  Barracks Reactor  
  62  6:22  Missile Turret  
  62  6:23  Engineering Bay  
  62  6:25  Marine x3  
  62  6:26  SCV x2, Siege Tank  
  62  6:32  Supply Depot  
  70  6:36  Supply Depot  
  70  6:38  SCV x2  
  72  6:43  Terran Infantry Armor Level 1, Combat Shields  
  72  6:50  SCV x2  
  74  6:58  Marine x5  
  79  7:05  Marine  
  79  7:06  Siege Tank  
  83  7:16  Marine x2  
  83  7:20  Marine x3  
  88  7:23  Marine  
  89  7:33  Medivac x2  
  89  7:34  Marine x2  
  93  7:38  Marine  
  93  7:43  Refinery  
  94  7:45  Refinery  
  94  7:56  Marine x3  
  87  8:05  Marine x2  
  81  8:16  Siege Tank, Marine x2  
  86  8:22  Barracks Reactor  
  86  8:41  Marine x2  
  86  8:42  Marine x3  
  91  8:58  Marine x2  
  91  8:59  Marine  
  94  9:08  Marine x2  
  94  9:20  Supply Depot  
  94  9:21  Supply Depot  
  94  9:23  Supply Depot x2  
  94  9:27  Command Center  
  94  9:36  Marine x2  
  94  9:37  Medivac x2  
  94  9:42  Siege Tank, Marine x2  
  97  9:55  Marine  
  97  9:56  Marine x4  
  97  9:57  SCV x2  
  102  10:05  Command Center  
  97  10:08  Armory  
  97  10:14  Barracks  
  96  10:15  Barracks  
  96  10:17  Barracks  
  96  10:19  Marine x4, Medivac x2  
  96  10:20  Marine x3  
  107  10:35  Siege Tank  
  110  10:41  Factory  
  110  10:43  Factory, Marine x5  
  110  10:44  Marine  
  116  10:53  Marine  
  116  10:54  Medivac x2  
  116  10:55  SCV x2  
  123  11:01  Marine x3  
  126  11:11  Marine x3  
  110  11:14  Barracks Reactor x2  
  110  11:15  Barracks Reactor  
  111  11:18  Supply Depot  
  111  11:23  Terran Infantry Weapons Level 2  
  111  11:24  Terran Infantry Armor Level 2  
  111  11:29  Terran Vehicle And Ship Armor Level 1  
  111  11:42  Refinery  
  110  11:47  Refinery  
  110  11:50  SCV x2  
  110  11:53  Planetary Fortress  
  108  11:58  Missile Turret  
  108  11:59  Missile Turret x3  
  108  12:01  Marine x5  
  109  12:02  Marine x4  
  109  12:05  Factory Tech Lab  
  120  12:10  Factory Tech Lab  
  117  12:18  Marine x2  
  117  12:19  Medivac x2, Marine  
  117  12:21  Barracks Reactor  
  123  12:50  Marine x4  
  123  12:51  Marine x4  
  129  12:58  Marine x2  
  126  13:15  Marine x4  
  126  13:16  Marine x8  
  126  13:17  Marine  
  99  13:31  Medivac x2  
  99  13:33  Marine x6  
  99  13:34  Marine x6  
  110  13:45  Marine  
  108  13:51  Marine x7  
  108  13:52  Marine  
  99  14:06  Supply Depot x2  
  95  14:16  Barracks x2  
  94  14:25  SCV x2  
  95  14:50  Marauder, Marine x5  
  95  14:51  Marine x2  
  104  15:02  Barracks, Marine  
  105  15:13  Marine  
  105  15:14  Marine x4  
  89  15:26  Barracks Reactor x2  
  80  15:33  Marine  
  80  15:34  Marine x3  
  83  15:45  Marine x4, Marauder  
  89  15:58  Barracks Tech Lab  
  89  16:12  Marauder  
  89  16:16  Medivac x2  
  95  16:24  Planetary Fortress  
  95  16:28  Marine x2, Marauder  
  95  16:29  Marine x4  
  95  16:32  Orbital Command  
  103  16:34  Marauder, Marine x5  
  110  17:08  SCV x3, Missile Turret  
  96  17:09  SCV, Missile Turret  
  98  17:20  SCV x2  
  98  17:21  SCV x2  
  99  17:27  Marauder  
  93  17:32  Marauder, Marine x3  
  94  17:49  Marauder  
  62  18:03  Marauder, Marine x6  
  62  18:04  Marine  
  66  18:10  Marauder  
  68  18:13  SCV  
  68  18:14  SCV x3  
  72  18:25  SCV  
  72  18:26  SCV x2  
  73  18:29  Missile Turret  
  73  18:32  Marine  
  73  18:33  Marine x3  
  77  18:39  Missile Turret  
  77  18:41  SCV x4  
  74  18:53  SCV  
  72  19:15  Marauder x2  
  72  19:16  Marine x6  
  72  19:17  Marine  
  81  19:21  Terran Infantry Weapons Level 3  
  82  19:32  Marine x2  
  82  19:33  Marine  
  82  19:36  Marauder  
  82  19:37  Marauder  
  88  19:50  Missile Turret, Medivac  
  88  19:51  Medivac  
  89  20:05  Marauder x2, Marine x2  
  89  20:06  Marine x2  
  95  20:19  SCV x4  
  93  20:35  SCV x3  
  93  20:40  Marauder x2  
  93  20:41  Concussive Shells  
  94  20:52  SCV x2  
  94  20:53  SCV x2  
  84  21:04  SCV x2  
  84  21:05  SCV x2, Marine x6, Marauder x2  
  94  21:15  Medivac  
  94  21:16  SCV x2  
  94  21:17  SCV  
  100  21:18  SCV  
  92  21:26  Marauder  
  93  21:33  SCV x3  
  91  21:54  Medivac x2  
  92  22:19  Starport  
  71  22:23  Starport  
  70  22:35  Marine x6, Marauder x2  
  70  22:36  Marine x6  
  70  22:37  Marine  
  86  22:43  Marine x3  
  90  22:45  Medivac x2  
  90  22:49  SCV x4  
  98  22:53  Marine x2  
  98  22:56  Marauder  
  98  23:01  SCV x2  
  99  23:12  Marine x5, Marauder  
  105  23:17  Marauder  
  96  23:33  Marauder  
  95  23:39  SCV x3, Marauder  
  100  23:54  Marauder  
  101  24:00  Marauder  
  103  24:08  Marine x2  
  103  24:09  Marine x2  
  106  24:16  Marauder  
  108  24:22  Marauder  
  103  24:37  Marauder  
  87  24:41  Marine x4  
  87  24:43  Marauder  
  88  24:56  SCV x3  
  88  24:57  SCV  
  88  24:59  Marauder  
  94  25:04  Marauder  
  70  25:08  SCV x2  
  62  25:23  Missile Turret  
  51  25:42  Medivac x2  
  53  25:56  SCV x4  
  56  26:06  Medivac x2  
  56  26:08  SCV x2  
  62  26:12  Medivac  
  62  26:18  Marauder x2, Marine x5  
  69  26:19  Marine x2  
  51  27:01  Marine x4, Marauder x2  
  55  27:02  Marine x6  
  65  27:14  Marine x5  
  70  27:22  Marine x2, Marauder x2  
  68  27:40  Medivac x4  
  68  27:43  Marauder  
  74  27:47  Marauder, Marine x3  
  67  28:01  Marine x2  
  67  28:02  Marine x2  
  67  28:05  Marauder  
  73  28:09  Marauder  
  72  28:38  Marauder x2, Marine x6  
  74  28:47  Orbital Command  
  39  29:18  Medivac x3  
  39  29:19  Medivac  
  47  29:28  Missile Turret  
  31  29:48  Medivac  
Show
View Real Time Build Order
Export as new Build Order

LilDicky Terran 

Build Orders:  

Get SALT Encoding   

  12  0:03  SCV  
  13  0:15  SCV  
  14  0:24  Supply Depot  
  15  0:28  SCV  
  15  0:31  Refinery  
  15  0:45  SCV  
  15  0:49  Barracks  
  16  0:58  SCV  
  17  1:10  SCV  
  18  1:22  SCV  
  19  1:34  SCV  
  20  1:41  Factory  
  20  1:46  Orbital Command  
  20  1:54  Barracks Reactor  
  20  2:06  Command Center  
  20  2:13  SCV  
  21  2:19  Supply Depot  
  21  2:29  Supply Depot  
  21  2:40  Barracks Tech Lab  
  21  2:43  Factory  
  21  2:46  Refinery  
  21  2:56  Widow Mine  
  21  2:57  SCV  
  24  3:00  Engineering Bay  
  24  3:01  Widow Mine  
  26  3:06  Supply Depot  
  26  3:11  SCV  
  27  3:29  Widow Mine x2  
  27  3:33  Orbital Command  
  31  3:36  Refinery  
  31  3:38  Refinery  
  31  3:42  Missile Turret  
  31  3:50  Widow Mine  
  33  4:00  Widow Mine  
  33  4:01  Widow Mine  
  36  4:12  SCV  
  36  4:14  SCV, Missile Turret  
  38  4:19  Widow Mine  
  40  4:24  SCV  
  40  4:27  SCV, Armory  
  42  4:54  Widow Mine x3  
  42  4:56  SCV  
  42  4:58  Command Center, SCV  
  50  5:13  Missile Turret  
  50  5:22  Widow Mine x2  
  50  5:23  Widow Mine  
  56  5:34  SCV  
  57  5:36  Drilling Claws  
  57  5:38  SCV  
  58  5:44  Terran Vehicle And Ship Armor Level 1  
  58  5:46  SCV  
  59  5:51  Widow Mine  
  59  5:52  Supply Depot  
  59  5:53  SCV  
  62  5:57  Missile Turret  
  62  6:02  Missile Turret  
  62  6:09  SCV, Widow Mine x2  
  67  6:21  Missile Turret, Orbital Command  
  67  6:23  SCV x2, Missile Turret  
  69  6:26  Widow Mine  
  71  6:35  SCV  
  71  6:37  Widow Mine  
  74  6:45  Orbital Command  
  68  6:50  Widow Mine  
  70  6:55  Barracks Reactor  
  70  6:56  Factory  
  70  7:01  SCV x2  
  72  7:05  Command Center  
  72  7:06  Missile Turret  
  72  7:08  Widow Mine x2  
  72  7:24  Widow Mine  
  73  7:36  Widow Mine  
  75  7:43  Command Center  
  72  8:16  SCV x2  
  72  8:19  Missile Turret  
  74  8:41  Widow Mine x2  
  74  8:48  Factory  
  78  8:49  Orbital Command  
  77  9:12  Orbital Command  
  77  9:21  Command Center  
  75  9:34  Widow Mine x2  
  75  9:35  Widow Mine x3  
  75  9:37  Barracks Reactor  
  81  9:50  Orbital Command  
  73  9:57  Widow Mine  
  62  10:03  SCV, Widow Mine x4  
  62  10:04  SCV  
  64  10:10  Orbital Command  
  64  10:14  Missile Turret  
  63  10:37  Orbital Command  
  63  11:13  SCV x3  
  63  11:14  SCV  
  67  11:21  SCV  
  67  11:23  Command Center  
  67  11:25  SCV x3  
  69  11:26  SCV, Widow Mine x5  
  69  11:27  Widow Mine  
  69  11:28  Widow Mine  
  86  11:33  SCV  
  86  11:35  Refinery  
  86  11:37  SCV x2, Refinery  
  86  11:38  SCV x2  
  91  11:52  SCV  
  88  11:54  Widow Mine x2  
  92  12:07  Widow Mine x3  
  98  12:09  SCV x4  
  100  12:34  Widow Mine x2  
  100  12:35  Widow Mine x2  
  100  12:36  Widow Mine  
  106  12:37  Widow Mine x2  
  106  12:40  Planetary Fortress  
  102  12:44  Missile Turret  
  92  13:03  Widow Mine  
  92  13:05  Widow Mine x4  
  86  13:23  Widow Mine  
  86  13:24  Widow Mine  
  84  13:30  Missile Turret  
  71  13:49  Orbital Command  
  63  13:56  SCV  
  63  14:01  SCV  
  63  14:02  Widow Mine x6  
  67  14:03  Widow Mine  
  79  14:14  Barracks Reactor  
  79  14:17  Starport  
  79  14:18  Missile Turret  
  79  14:19  SCV  
  79  14:20  SCV  
  79  14:21  SCV x2  
  83  14:30  Widow Mine  
  83  14:31  SCV, Widow Mine x3  
  85  14:32  SCV  
  93  14:41  Missile Turret  
  91  14:50  Widow Mine x2  
  95  14:59  Missile Turret  
  95  15:06  Medivac x2  
  99  15:08  SCV  
  99  15:13  Supply Depot  
  100  15:15  Supply Depot  
  100  15:34  Widow Mine x4  
  108  15:36  Widow Mine x3  
  114  15:58  Orbital Command  
  114  16:03  Widow Mine  
  116  16:11  Supply Depot  
  116  16:14  Supply Depot  
  116  16:32  Widow Mine x2  
  116  16:33  SCV x3  
  105  17:35  Widow Mine  
  105  17:36  Widow Mine x6  
  117  17:49  SCV  
  116  18:04  Widow Mine  
  118  18:09  Widow Mine x2  
  120  18:21  SCV x2  
  122  18:31  Missile Turret  
  120  19:00  Liberator x2  
  110  19:14  Widow Mine  
  110  19:15  Widow Mine x2  
  122  19:26  SCV x3  
  122  19:27  SCV  
  126  19:35  Refinery  
  126  19:36  Missile Turret x2  
  126  19:42  SCV x4  
  130  19:54  SCV  
  131  20:37  SCV  
  131  20:38  Missile Turret  
  131  20:42  Supply Depot  
  132  20:44  Command Center  
  132  20:45  SCV x2  
  132  20:46  Supply Depot  
  132  20:47  Liberator x2  
  132  20:48  Missile Turret  
  132  20:49  Missile Turret  
  139  21:04  SCV  
  139  21:16  SCV  
  139  21:22  Command Center, Widow Mine x2  
  139  21:23  Widow Mine x2  
  147  21:33  Widow Mine  
  147  21:38  Liberator x2  
  148  21:50  SCV x3  
  148  21:51  Supply Depot x2  
  148  21:52  Supply Depot  
  146  21:54  Building Armor  
  152  22:17  Supply Depot, Widow Mine  
  152  22:18  Supply Depot, Widow Mine x6  
  152  22:20  Supply Depot  
  158  22:37  Command Center  
  158  22:46  Terran Vehicle And Ship Armor Level 2, Widow Mine x2  
  158  22:51  Liberator x2  
  159  23:11  Missile Turret, Widow Mine x4  
  159  23:12  Widow Mine  
  169  23:15  Widow Mine x2  
  173  23:23  Missile Turret  
  173  23:24  Missile Turret  
  169  23:34  Hi-Sec Auto Tracking  
  169  23:41  Liberator  
  169  23:45  Widow Mine x4  
  169  23:46  Widow Mine x3  
  185  24:02  Refinery  
  185  24:07  Planetary Fortress  
  185  24:13  Widow Mine  
  185  24:14  Widow Mine  
  185  24:42  Widow Mine x4  
  185  24:43  Widow Mine  
  189  24:49  Command Center  
  189  24:59  Siege Tank  
  179  25:15  Hellion x3  
  179  25:16  Hellion  
  178  25:37  Hellion x2, Siege Tank  
  183  25:51  Infernal Pre-Igniter  
  183  25:55  Refinery  
  183  25:56  Hellion x3, Refinery  
  187  26:09  Siege Tank  
  188  26:38  Hellion x2  
  188  26:39  Hellion  
  190  26:41  Siege Tank  
  185  26:58  Hellion x2  
  189  27:05  SCV  
  190  27:13  Refinery  
  190  27:14  Refinery  
  190  27:16  Missile Turret x2  
  190  27:17  Missile Turret  
  190  27:18  SCV  
  191  27:30  SCV  
  189  28:14  Planetary Fortress  
  186  29:29  Liberator x2  
  182  29:47  Command Center  
  182  29:48  Command Center  
  188  30:01  Command Center  
Tags
 
Add a new tag
Caveats
  • Supply blocks, unpowered buildings, or Contaminate may cause inaccurate times.
  • Supply counts are checked every 10 seconds.